General information
- name: BNet
- type: Ladder team game (AT/RT)
- host: Battle.net
- saver: PECKS-LIKE-GOKU
map: TwilightRuins
- players: 8
- length: 17:53
- speed: Fast
- version: 1.26 W3XP
- replay type: Public
» download(126 KB)
Players
team 1 (winner)
PrAttCiTy-B-tCh (
orange | 50 APM | 881 actions | 17:41)
6 Priestess of the Moon
3 Searing Arrows
2 Trueshot Aura
1 Starfall
» actions
| Build / train | 65 | |
| Enter build submenu | 18 | |
| Enter hero's abilities submenu | 6 | |
| Give item / drop item | 1 | |
| Right click | 401 | |
| Select / deselect | 351 | |
| Use ability | 39 | |
881 total
» units
| Wisp | 20 | |
| Archer | 17 | |
| Hippogryph | 9 | |
| Dryad | 2 | |
48 total
» upgrades
| Strength of the Moon | 1 | |
| Improved Bows | 1 | |
| Hippogryph Taming | 1 | |
| Marksmanship | 1 | |
| Moon Armor | 1 | |
| Strength of the Wild | 1 | |
| Abolish Magic | 1 | |
7 total
» buildings
| Altar of Elders | 1 | |
| Moon Well | 7 | |
| Ancient of War | 2 | |
| Tree of Ages | 1 | |
| Hunter's Hall | 1 | |
| Tree of Eternity | 1 | |
| Tree of Life | 2 | |
| Ancient of Wind | 2 | |
| Ancient of Lore | 2 | |
19 total
» build order
00:10 Altar of Elders
00:17 Moon Well
00:33 Ancient of War
01:42 Moon Well
02:42 Moon Well
03:38 Tree of Ages
03:53 Moon Well
03:59 Moon Well
04:10 Ancient of War
04:40 Hunter's Hall
06:22 Tree of Eternity
06:27 Tree of Life
06:57 Ancient of Wind
09:39 Ancient of Wind
11:05 Moon Well
12:51 Moon Well
15:24 Tree of Life
15:32 Ancient of Lore
15:57 Ancient of Lore
» items

»
PECKS-LIKE-GOKU (
pink | 87 APM | 1556 actions | 17:53)
5 Death Knight
3 Death Coil
2 Unholy Aura
3 Lich
2 Frost Nova
1 Dark Ritual
2 Crypt Lord
1 Impale
1 Spiked Carapace
» actions
| Assign group hotkey | 57 | |
| Basic commands | 8 | |
| Build / train | 46 | |
| Enter build submenu | 14 | |
| Enter hero's abilities submenu | 10 | |
| Right click | 702 | |
| Select / deselect | 181 | |
| Select group hotkey | 474 | |
| Use ability | 64 | |
1556 total
» units
| Acolyte | 4 | |
| Ghoul | 3 | |
| Crypt Fiend | 8 | |
| Goblin Sapper | 1 | |
| Frost Wyrm | 2 | |
18 total
» upgrades
| Web | 1 | |
| Burrow | 1 | |
| Creature Attack | 2 | |
| Creature Carapace | 1 | |
5 total
» buildings
| Graveyard | 1 | |
| Crypt | 2 | |
| Altar of Darkness | 1 | |
| Ziggurat | 7 | |
| Tomb of Relics | 1 | |
| Nerubian Tower | 1 | |
| Halls of the Dead | 2 | |
| Sacrificial Pit | 1 | |
| Black Citadel | 1 | |
| Boneyard | 3 | |
20 total
» build order
00:07 Graveyard
00:10 Crypt
00:43 Altar of Darkness
00:59 Ziggurat
01:32 Tomb of Relics
02:04 Ziggurat
02:12 Nerubian Tower
03:53 Halls of the Dead
03:54 Halls of the Dead
04:31 Ziggurat
05:04 Crypt
05:18 Ziggurat
07:03 Sacrificial Pit
09:40 Black Citadel
09:45 Ziggurat
09:48 Ziggurat
12:16 Boneyard
12:17 Boneyard
15:39 Ziggurat
15:45 Boneyard
» items
| Rod of Necromancy | 2 | |
| Scroll of Town Portal | 1 | |
| Potion of Healing | 1 | |
| Potion of Mana | 1 | |
| Dust of Appearance | 1 | |
6 total
OohBoy (
purple | 76 APM | 1346 actions | 17:41)
5 Death Knight
2 Death Coil
3 Unholy Aura
4 Dreadlord
2 Vampiric Aura
2 Sleep
» actions
| Assign group hotkey | 143 | |
| Basic commands | 53 | |
| Build / train | 78 | |
| ESC pressed | 3 | |
| Enter build submenu | 18 | |
| Enter hero's abilities submenu | 9 | |
| Give item / drop item | 2 | |
| Right click | 528 | |
| Select / deselect | 251 | |
| Select group hotkey | 201 | |
| Use ability | 60 | |
1346 total
» units
| Acolyte | 16 | |
| Ghoul | 26 | |
| Obsidian Statue | 3 | |
45 total
» upgrades
| Cannibalize | 1 | |
| Unholy Strength | 3 | |
| Unholy Armor | 3 | |
| Ghoul Frenzy | 1 | |
| Destroyer Form | 1 | |
9 total
» buildings
| Crypt | 3 | |
| Ziggurat | 9 | |
| Altar of Darkness | 1 | |
| Graveyard | 1 | |
| Halls of the Dead | 1 | |
| Spirit Tower | 2 | |
| Black Citadel | 1 | |
| Necropolis | 1 | |
| Tomb of Relics | 1 | |
| Nerubian Tower | 2 | |
| Slaughterhouse | 1 | |
| Sacrificial Pit | 1 | |
24 total
» build order
00:06 Crypt
00:08 Ziggurat
00:49 Altar of Darkness
00:55 Ziggurat
02:32 Ziggurat
04:12 Graveyard
04:47 Halls of the Dead
05:15 Ziggurat
06:12 Spirit Tower
06:58 Ziggurat
07:02 Crypt
07:04 Crypt
07:13 Black Citadel
07:49 Ziggurat
07:52 Ziggurat
07:53 Ziggurat
07:55 Ziggurat
07:58 Necropolis
08:01 Tomb of Relics
09:37 Spirit Tower
09:40 Nerubian Tower
09:46 Nerubian Tower
12:25 Slaughterhouse
12:27 Sacrificial Pit
» items
| Sentry Wards | 1 | |
| Replenishment Potion | 1 | |
| Ring of Protection +3 | 1 | |
| Ring of Protection +2 | 1 | |
| Scroll of Town Portal | 2 | |
| Boots of Speed | 1 | |
7 total

»
OrcRinds (
green | 25 APM | 442 actions | 17:41)
4 Tauren Chieftain
2 Endurance Aura
2 War Stomp
3 Shadow Hunter
1 Hex
2 Healing Wave
» actions
| Basic commands | 45 | |
| Build / train | 71 | |
| Enter build submenu | 20 | |
| Enter hero's abilities submenu | 7 | |
| Give item / drop item | 1 | |
| Remove unit from queue | 2 | |
| Right click | 19 | |
| Select / deselect | 198 | |
| Use ability | 79 | |
442 total
» units
| Peon | 16 | |
| Grunt | 5 | |
| Tauren | 3 | |
| Shaman | 5 | |
| Troll Headhunter/Berserker | 5 | |
34 total
» upgrades
| Pillage | 1 | |
| Spiked Barricades | 1 | |
| Melee Weapons | 2 | |
| Armor | 2 | |
| Shaman Training | 2 | |
| Pulverize | 1 | |
| Berserker Upgrade | 1 | |
| Ranged Weapons | 1 | |
| Witch Doctor Training | 1 | |
12 total
» buildings
| Orc Burrow | 5 | |
| Altar of Storms | 1 | |
| War Mill | 2 | |
| Barracks | 2 | |
| Voodoo Lounge | 1 | |
| Stronghold | 1 | |
| Watch Tower | 5 | |
| Fortress | 1 | |
| Great Hall | 1 | |
| Spirit Lodge | 1 | |
| Tauren Totem | 1 | |
21 total
» build order
01:57 Orc Burrow
02:01 Altar of Storms
02:04 War Mill
02:18 Barracks
02:24 Barracks
02:39 Voodoo Lounge
02:58 Orc Burrow
04:42 Stronghold
04:45 Orc Burrow
04:53 Watch Tower
05:29 Watch Tower
06:00 Watch Tower
07:42 Watch Tower
07:44 Orc Burrow
07:46 Fortress
07:53 War Mill
09:02 Watch Tower
09:56 Great Hall
10:18 Spirit Lodge
10:26 Tauren Totem
11:14 Orc Burrow
» items
| Scroll of Speed | 2 | |
| Healing Salve | 3 | |
| Lesser Clarity Potion | 2 | |
| Scroll of Town Portal | 1 | |
| Potion of Healing | 1 | |
| Potion of Mana | 1 | |
| Wand of the Wind | 1 | |
| Orb of Lightning | 1 | |
12 total
team 2 (loser)
ohmmers (
yellow | 46 APM | 813 actions | 17:40)
4 Paladin
2 Holy Light
2 Divine Shield
3 Archmage
2 Blizzard
1 Brilliance Aura
» actions
| Assign group hotkey | 31 | |
| Build / train | 63 | |
| Enter build submenu | 16 | |
| Enter hero's abilities submenu | 7 | |
| Give item / drop item | 1 | |
| Right click | 260 | |
| Select / deselect | 260 | |
| Select group hotkey | 134 | |
| Use ability | 41 | |
813 total
» units
| Peasant | 8 | |
| Footman | 6 | |
| Rifleman | 9 | |
| Sorceress | 7 | |
| Priest | 2 | |
| Mortar Team | 2 | |
| Siege Engine | 5 | |
39 total
» upgrades
| Gunpowder | 3 | |
| Sorceress Training | 2 | |
| Flare | 1 | |
| Barrage | 1 | |
7 total
» buildings
| Altar of Kings | 1 | |
| Farm | 7 | |
| Barracks | 1 | |
| Scout Tower | 2 | |
| Arcane Tower | 1 | |
| Lumber Mill | 1 | |
| Keep | 1 | |
| Blacksmith | 1 | |
| Arcane Vault | 1 | |
| Guard Tower | 1 | |
| Arcane Sanctum | 1 | |
| Workshop | 1 | |
| Castle | 1 | |
20 total
» build order
00:07 Altar of Kings
00:13 Farm
00:24 Barracks
00:39 Farm
01:21 Scout Tower
01:43 Farm
01:59 Arcane Tower
02:32 Lumber Mill
03:45 Scout Tower
03:51 Keep
03:55 Farm
04:16 Blacksmith
04:35 Farm
04:42 Arcane Vault
04:57 Guard Tower
05:36 Farm
06:17 Arcane Sanctum
07:14 Workshop
07:57 Farm
09:23 Castle
» items
| Potion of Lesser Invulnerability | 2 | |
| Scroll of Healing | 1 | |
| Scroll of Town Portal | 1 | |
4 total
chuchoelroto (
blue | 45 APM | 781 actions | 17:26)
4 Blademaster
1 Wind Walk
2 Critical Strike
1 Mirror Image
1 Shadow Hunter
1 Healing Wave
1 Beastmaster
1 Summon Hawk
» actions
| Assign group hotkey | 34 | |
| Basic commands | 14 | |
| Build / train | 64 | |
| Enter build submenu | 20 | |
| Enter hero's abilities submenu | 6 | |
| Give item / drop item | 2 | |
| Remove unit from queue | 1 | |
| Right click | 242 | |
| Select / deselect | 204 | |
| Select group hotkey | 133 | |
| Use ability | 61 | |
781 total
» units
| Peon | 14 | |
| Grunt | 1 | |
| Troll Headhunter/Berserker | 8 | |
| Shaman | 3 | |
26 total
» upgrades
| Armor | 1 | |
| Spiked Barricades | 1 | |
| Shaman Training | 2 | |
| Ranged Weapons | 1 | |
| Berserker Upgrade | 1 | |
6 total
» buildings
| Orc Burrow | 5 | |
| Altar of Storms | 1 | |
| Barracks | 1 | |
| War Mill | 1 | |
| Voodoo Lounge | 1 | |
| Watch Tower | 5 | |
| Stronghold | 1 | |
| Great Hall | 2 | |
| Spirit Lodge | 2 | |
| Fortress | 1 | |
| Tauren Totem | 1 | |
21 total
» build order
00:13 Orc Burrow
00:20 Altar of Storms
00:35 Barracks
01:36 Orc Burrow
01:51 War Mill
02:31 Orc Burrow
02:49 Voodoo Lounge
03:06 Watch Tower
03:32 Orc Burrow
05:37 Stronghold
06:23 Watch Tower
06:26 Watch Tower
06:30 Great Hall
07:03 Watch Tower
07:16 Orc Burrow
09:06 Spirit Lodge
09:07 Fortress
10:16 Spirit Lodge
12:31 Tauren Totem
13:51 Watch Tower
15:52 Great Hall
» items
| Boots of Speed | 3 | |
| Periapt of Vitality | 4 | |
| Healing Salve | 2 | |
| Circlet of Nobility | 5 | |
| Potion of Healing | 1 | |
| Scroll of Town Portal | 2 | |
| Potion of Lesser Invulnerability | 2 | |
| Scroll of Healing | 1 | |
20 total

»
Preview (
red | 56 APM | 981 actions | 17:22)
4 Death Knight
2 Death Coil
2 Unholy Aura
2 Crypt Lord
1 Impale
1 Spiked Carapace
» actions
| Assign group hotkey | 13 | |
| Basic commands | 44 | |
| Build / train | 56 | |
| Enter build submenu | 16 | |
| Enter hero's abilities submenu | 6 | |
| Give item / drop item | 2 | |
| Remove unit from queue | 1 | |
| Right click | 346 | |
| Select / deselect | 198 | |
| Select group hotkey | 236 | |
| Use ability | 63 | |
981 total
» units
| Acolyte | 12 | |
| Crypt Fiend | 10 | |
| Ghoul | 3 | |
| Frost Wyrm | 2 | |
27 total
» upgrades
| Creature Attack | 2 | |
| Creature Carapace | 2 | |
| Web | 1 | |
5 total
» buildings
| Graveyard | 1 | |
| Crypt | 1 | |
| Altar of Darkness | 1 | |
| Ziggurat | 6 | |
| Tomb of Relics | 1 | |
| Necropolis | 1 | |
| Halls of the Dead | 1 | |
| Black Citadel | 1 | |
| Sacrificial Pit | 1 | |
| Boneyard | 2 | |
16 total
» build order
00:16 Graveyard
00:21 Crypt
00:46 Altar of Darkness
01:03 Ziggurat
01:18 Ziggurat
01:38 Tomb of Relics
04:01 Necropolis
04:23 Ziggurat
06:37 Halls of the Dead
07:27 Ziggurat
09:34 Black Citadel
10:42 Sacrificial Pit
11:56 Boneyard
11:57 Boneyard
15:13 Ziggurat
15:14 Ziggurat
» items
| Rod of Necromancy | 1 | |
| Boots of Speed | 2 | |
| Scroll of Town Portal | 3 | |
| Potion of Healing | 1 | |
| Potion of Mana | 2 | |
| Scroll of Healing | 3 | |
| Periapt of Vitality | 1 | |
13 total
kantas (
teal | 40 APM | 705 actions | 17:35)
5 Demon Hunter
2 Immolation
3 Mana Burn
» actions
| Assign group hotkey | 41 | |
| Build / train | 57 | |
| Enter build submenu | 18 | |
| Enter hero's abilities submenu | 5 | |
| Remove unit from queue | 1 | |
| Right click | 272 | |
| Select / deselect | 180 | |
| Select group hotkey | 100 | |
| Use ability | 31 | |
705 total
» units
| Wisp | 18 | |
| Huntress | 3 | |
| Hippogryph | 13 | |
| Chimaera | 8 | |
42 total
» upgrades
| Strength of the Wild | 2 | |
| Reinforced Hides | 3 | |
| Corrosive Breath | 1 | |
6 total
» buildings
| Moon Well | 7 | |
| Altar of Elders | 1 | |
| Ancient of War | 1 | |
| Hunter's Hall | 1 | |
| Ancient of Wonders | 1 | |
| Tree of Ages | 1 | |
| Ancient of Wind | 1 | |
| Tree of Eternity | 1 | |
| Tree of Life | 1 | |
| Chimaera Roost | 3 | |
18 total
» build order
00:23 Moon Well
00:57 Altar of Elders
01:30 Ancient of War
01:37 Hunter's Hall
02:01 Ancient of Wonders
02:22 Moon Well
03:14 Tree of Ages
03:53 Moon Well
06:27 Ancient of Wind
06:34 Tree of Eternity
06:41 Moon Well
07:24 Tree of Life
09:01 Chimaera Roost
09:28 Chimaera Roost
09:31 Chimaera Roost
10:32 Moon Well
11:53 Moon Well
12:56 Moon Well
Chat log
(00:17 / Allies) PECKS-LIKE-GOKU: always on the god damn outside jesus
(06:11 / Allies) PECKS-LIKE-GOKU: lets rape expos
(06:25 / Allies) OrcRinds: good name pink
(08:05 / Allies) PECKS-LIKE-GOKU: im gonna leech exp from oj until he stops being a god damn idiot
(10:41 / Allies) OrcRinds: 100 anything
(11:08 / Allies) OrcRinds: ty